 Dungeon Crawl Stone Soup version 0.25-a0-287-g56a5b49892 (webtiles) character file.

Game seed: 12765425215804550584, levelgen mode: deterministic

305 MoonlitKnight the Ruffian (level 6, -2/56 HPs)
             Began as a Naga Transmuter on Dec 12, 2019.
             Slain by an ogre
             ... wielding a +0 giant spiked club
              (14 damage)
             ... on level 4 of the Dungeon.
             The game lasted 00:15:13 (4340 turns).

MoonlitKnight the Ruffian (Naga Transmuter)         Turns: 4340, Time: 00:15:14

Health: -2/56      AC:  3    Str: 13    XL:     6   Next: 39%
Magic:  9/9        EV: 10    Int: 15    God:
Gold:   124        SH:  0    Dex: 11    Spells: 3/9 levels left

rFire    . . .     SeeInvis +   q - +3 whip
rCold    . . .     Gourm    .   (no shield)
rNeg     . . .     Faith    .   p - +0 robe
rPois    +         Spirit   .   (no helmet)
rElec    .         Reflect  .   (no cloak)
rCorr    .         Harm     .   (no gloves)
MR       .....                  (no barding)
Stlth    ++........             (no amulet)
HPRegen  0.18/turn              i - ring of wizardry (curse)
MPRegen  0.11/turn              x - ring of stealth

@: short of breath, very slow
A: large, see invisible, deformed body, poison resistance, slowness 2, slow
metabolism 1, spit poison 1, AC +2
a: Spit Poison


You were on level 4 of the Dungeon.
You were not hungry.

You visited 1 branch of the dungeon, and saw 4 of its levels.

You collected 124 gold pieces.

Inventory:

Hand Weapons
 b - a +0 hunting sling
 q - a +3 whip (weapon)
Missiles
 a - 40 arrows
 w - 13 poisoned darts (quivered)
Armour
 p - a +0 robe (worn)
Jewellery
 i - a cursed ring of wizardry (left hand)
 m - a +3 ring of strength
 x - a ring of stealth (right hand)
Wands
 r - a wand of flame (20)
Scrolls
 f - a scroll of amnesia
 j - a scroll of fog {unknown}
 k - a scroll of enchant weapon {unknown}
 l - 2 scrolls of immolation
 n - a scroll of teleportation {unknown}
 u - a scroll of random uselessness {unknown}
Potions
 c - a potion of haste {unknown}
 e - a potion of invisibility {unknown}
 g - 2 potions of lignification
 o - 2 potions of brilliance
 s - a potion of agility {unknown}
 t - 2 potions of curing {unknown}
 z - a potion of mutation {unknown}
Comestibles
 d - 9 rations
 h - 2 chunks of flesh


   Skills:
 + Level 3.0 Fighting
 - Level 1.5 Dodging
 + Level 4.7 Unarmed Combat
 + Level 2.0 Spellcasting
 + Level 4.2 Transmutations
 + Level 1.3 Poison Magic


You had 3 spell levels left.
You knew the following spells:

 Your Spells              Type           Power        Failure   Level  Hunger
a - Beastly Appendage     Tmut           ##....       1%          1    #......
b - Sticks to Snakes      Tmut           ##......     2%          2    ###....
c - Spider Form           Tmut/Pois      #.........   9%          3    ###....

Your spell library contained the following spells:

 Spells                   Type           Power        Failure   Level  Hunger
 Ice Form                 Ice/Tmut       #.......     34%         4    #####..
 Blade Hands              Tmut           ##........   38%         5    ######.


Dungeon Overview and Level Annotations

Branches:
Dungeon (4/15)
 Temple: D:4-7

Altars:
Trog


Innate Abilities, Weirdness & Mutations

You cannot wear boots.
Your serpentine skin is tough. (AC +2)
You have supernaturally acute eyesight. (SInv)
Armour fits poorly on your strangely shaped body.
Your system is resistant to poisons. (rPois)
You cover ground very slowly.
You have a slow metabolism.
You can spit poison.


Message History

You whack the ogre!
The ogre is moderately wounded.
The ogre closely misses you.
You barely miss the ogre.
The ogre is moderately wounded.
You have got your breath back.
You hit the ogre.
The ogre is heavily wounded.
The ogre hits you with a +0 giant spiked club!
You barely miss the ogre.
The ogre is heavily wounded.
The ogre hits you with a +0 giant spiked club!
* * * LOW HITPOINT WARNING * * *
Press: ? - help, Shift-Dir - straight line, f/p - ogre
Aim: an ogre, wielding a +0 giant spiked club (heavily wounded)
The splash of poison hits the ogre!
The ogre is poisoned.
The ogre is severely wounded.
You feel slightly more hungry.
The ogre hits you with a +0 giant spiked club!
You die...

######### #........ #........
####### ##########..).....
....|.## ##....@O...........
...รท...####..########........
............## #........
........##### .....##..
........# ###### . ........#
........# .......## ..........


You could see an ogre.

Vanquished Creatures
  A centaur (D:3)
  A bullfrog (D:4)
  An orc wizard (D:3)
  A worker ant (D:4)
  2 adders (D:3)
  An ooze (D:1)
  2 worms (D:2)
  3 dart slugs
  2 leopard geckos
  3 orcs (D:3)
  14 bats
  5 giant cockroaches
  4 goblins
  11 hobgoblins
  2 jackals (D:2)
  9 kobolds
  A quokka (D:2)
  4 frilled lizards
  11 rats
78 creatures vanquished.

Notes
Turn   | Place    | Note
-------+----------+-------------------------------------------
     0 | D:1      | MoonlitKnight the Naga Transmuter began the quest for the
                  | Orb.
     0 | D:1      | Reached XP level 1. HP: 18/18 MP: 3/3
   463 | D:1      | Reached XP level 2. HP: 22/25 MP: 3/5
  1164 | D:1      | Reached XP level 3. HP: 27/31 MP: 4/6
  1308 | D:1      | Learned a level 2 spell: Sticks to Snakes
  1312 | D:1      | Learned a level 3 spell: Spider Form
  2033 | D:2      | Reached XP level 4. HP: 21/38 MP: 7/7
  2999 | D:3      | Found a faded altar of an unknown god.
  3055 | D:3      | Noticed a centaur
  3070 | D:3      | Killed a centaur
  3070 | D:3      | Reached XP level 5. HP: 7/46 MP: 8/8
  3607 | D:3      | Found a bloodstained altar of Trog.
  4148 | D:4      | Reached XP level 6. HP: 55/55 MP: 9/9
  4172 | D:4      | Reached skill level 1 in Poison Magic
  4340 | D:4      | Slain by an ogre

Levels and vault maps discovered:
D:1:      eino_arrival_cavern_c, layout_basic
D:2:      minmay_recursive_quarters, layout_rooms, minmay_quantized
D:3:      layout_basic, nicolae_overflow_crystal_walls,
          chequers_ecumenical_altar_island
D:4:      layout_rooms, first_ration, eino_small_chamber_without_monster,
          minmay_pentangle

Skill      XL: |  1  2  3  4  5  6 |
---------------+-------------------+-----
Transmutations | 3 4 |  4.2
Unarmed Combat | 4 |  4.7
Fighting       | 2 3 |  3.0
Poison Magic   | 1 |  1.3
Dodging        | |  1.5
Spellcasting   | |  2.0

Action                   |  1- 3 |  4- 6 || total
-------------------------+-------+-------++-------
Melee: Unarmed           |    63 |     7 ||    70
       Headbutt          |     4 |     2 ||     6
       Whip              |    16 |    92 ||   108
       Punch             |       |     1 ||     1
 Cast: Beastly Appendage |    10 |     2 ||    12
       Spider Form       |       |     1 ||     1
 Abil: Spit Poison       |    31 |    16 ||    47
  Use: Scroll            |       |     4 ||     4
 Stab: Sleeping          |       |     1 ||     1
  Eat: Chunk             |     4 |     7 ||    11
Armor: Robe              |    19 |    42 ||    61
Dodge: Dodged            |    56 |    68 ||   124

Table legend:
 A = Non-vault XP
 B = Vault XP
 C = Vault XP percentage of total XP
 D = Non-vault monster count
 E = Vault monster count
 F = Vault count percentage of total count
                 A         B        C        D         E       F
            +---------+---------+-------+---------+---------+-------
      Total |     422 |      14 |   3.2 |      70 |       8 |  10.3
            +---------+---------+-------+---------+---------+-------
        D:1 |      44 |       0 |   0.0 |      23 |       0 |   0.0
        D:2 |      38 |      14 |  26.9 |      19 |       8 |  29.6
        D:3 |     217 |       0 |   0.0 |      26 |       0 |   0.0
        D:4 |     123 |       0 |   0.0 |       2 |       0 |   0.0
            +---------+---------+-------+---------+---------+-------
